 Dungeon Sprint DCSS version 0.30-a0-341-g682706514a (webtiles) character file.

Game seed: 946434985621265692

2130 retardedninja the Severer (level 9, -3/90 HPs)
             Began as a Hill Orc Fighter on Nov 3, 2022.
             Was an Initiate of Jiyva.
             Slain by a manticore (26 damage)
             ... in the Dungeon (Sprint IX: "|||||||||||||||||||||||||||||").
             The game lasted 00:02:42 (1037 turns).

retardedninja the Severer (Hill Orc Fighter)        Turns: 1037, Time: 00:02:44

Health: -3/90      AC: 18    Str: 26    XL:     9   Next: 30%
Magic:  9/9        EV:  9    Int:  8    God:    Jiyva [......]
Gold:   0          SH:  7    Dex: 17    Spells: 8/8 levels left

rFire   . . .      SeeInvis .    m - +1 broad axe of Brutal Revenge {spect, +Blink rC+ rCorr Dex+4}
rCold   + . .      Faith    .    c - +0 buckler
rNeg    . . .      Spirit   .    p - +0 plate armour
rPois   .          Reflect  .    (no helmet)
rElec   .          Harm     .    o - +0 cloak
rCorr   +          Rampage  .    n - +0 pair of gloves
Will    .....      NoTele   +    (no boots)
Stlth   ..........               (no amulet)
HPRegen 0.35/turn                q - +3 ring of strength
MPRegen 0.11/turn                r - +3 ring of dexterity

@: spiked
A: no striking features
a: Renounce Religion, Evoke Blink


You were in the Dungeon.
You worshipped Jiyva.
Jiyva was noncommittal.
You visited 1 branch

Inventory:

Hand Weapons
 a - a +0 war axe
 m - the +1 broad axe of Brutal Revenge (weapon) {spect, +Blink rC+ rCorr Dex+4}
   (You found it in the Dungeon)

   When its wielder attacks, the weapon's spirit leaps out and strikes again.
   The spirit shares a part of any damage it takes with its wielder.
   Dex:       It affects your dexterity (+4).
   rC:        It protects you from cold.
   +Blink:    It lets you blink.
   rCorr:     It protects you from acid and corrosion.
Armour
 c - a +0 buckler (worn)
 n - a +0 pair of gloves (worn)
 o - a +0 cloak (worn)
 p - a +0 plate armour (worn)
Jewellery
 q - a +3 ring of strength (left hand)
 r - a +3 ring of dexterity (right hand)
Wands
 l - a wand of roots (10)
Scrolls
 k - 2 scrolls of amnesia
Potions
 h - 4 potions of magic
 i - 4 potions of curing


   Skills:
 + Level 11.6 Fighting
 + Level 15.1 Axes
 + Level 11.2 Armour
 + Level 4.1 Dodging
 + Level 1.6 Stealth
 + Level 10.4 Shields


You had 8 spell levels left.
You didn't know any spells.
Your spell library was empty.

Dungeon Overview and Level Annotations

Branches:
Dungeon (1/1)

Altars:
Cheibriados
Dithmenos
Elyvilon
Fedhas
Gozag
Hepliaklqana
Kikubaaqudgha
Makhleb
Nemelex Xobeh
Okawaru
Qazlal
Ru
Sif Muna
Trog
Uskayaw
Vehumet
Wu Jian
Xom
Yredelemnul
Zin
The Shining One
Beogh
Jiyva
Lugonu


Message History

You start resting.
A manticore is nearby!
A manticore is nearby!
A manticore is nearby!
There is a glowing golden altar of the Shining One here.
The yaktaur changes into a moth of wrath!
There is an open door here.
The manticore flicks its tail.
The volley of spikes hits you!!
The barbed spikes become lodged in your body.
The moth of wrath goads the manticore on!
The manticore goes berserk!
Okay, then.
The barbs in your skin will harm you if you move.
Continue? [Y]es or [N]o only, please.
The barbs in your skin will harm you if you move.
Continue? [Y]es or [N]o only, please.
The barbs in your skin will harm you if you move.
Continue? [Y]es or [N]o only, please.
The barbs in your skin will harm you if you move.
Continue?
Okay, then.
You fail to use your ability.
You feel much better. You block the manticore's attack.
The manticore claws you but does no damage.
The manticore barely misses you. The manticore bites you!!
The manticore claws you but does no damage.
The manticore barely misses you.
You slash the manticore!
The manticore is lightly wounded.
The manticore bites you!
The manticore claws you but does no damage.
You block the manticore's attack.
You hit the manticore but do no damage.
The manticore is lightly wounded.
The manticore bites you but does no damage.
The manticore claws you but does no damage.
The manticore claws you.
* * * LOW HITPOINT WARNING * * *
The manticore bites you!!
You die...

▓_▓
▓_▓
▓_▓
▓_▓
▓_▓
▓_▓
▓_▓
▓'▓
▓@▓
▓H▓
▓y▓
▓R▓
▓○▓
▓°▓
▓°▓
▓.▓
▓[▓


You could see a manticore (berserk), a moth of wrath shaped shifter and an
efreet.

Vanquished Creatures
  A centaur warrior (D)
  A two-headed ogre (D)
  A troll (D)
  A yak (D)
  A wraith (D)
  An ice beast (D)
  A phantom (D)
  A kobold brigand (D)
  A wight (D)
  A hound (D)
  An orc priest (D)
  An orc wizard (D)
  An adder (D)
  A hobgoblin (D)
  2 quokkas (D)
  A bat (D)
  A frilled lizard (D)
18 creatures vanquished.

Vanquished Creatures (others)
  A broodmother (shapeshifter) (D)
  A deep elf high priest (D)
  2 great orbs of eyes (D)
  A tengu warrior (D)
  A glowing orange brain (shapeshifter) (D)
  A cyclops (D)
  An eye of devastation (shapeshifter) (D)
  A slime creature (D)
9 creatures vanquished.

Grand Total: 27 creatures vanquished

Notes
Turn   | Place    | Note
-------+----------+-------------------------------------------
     0 | D        | retardedninja the Hill Orc Fighter began the quest for the
                  | Orb.
     0 | D        | Reached XP level 1. HP: 19/19 MP: 1/1
    39 | D        | Reached skill level 3 in Axes
    48 | D        | Noticed a hound
    48 | D        | Noticed an orc priest
    48 | D        | Noticed an ice beast
    48 | D        | Noticed a phantom
    52 | D        | Killed a hound
    53 | D        | Reached skill level 5 in Fighting
    53 | D        | Reached skill level 4 in Axes
    53 | D        | Reached skill level 5 in Shields
    53 | D        | Reached XP level 2. HP: 8/29 MP: 2/2
    53 | D        | Reached XP level 3. HP: 10/36 MP: 3/3
    56 | D        | Reached skill level 5 in Axes
    56 | D        | Reached skill level 5 in Armour
    56 | D        | Reached skill level 1 in Dodging
    56 | D        | Reached XP level 4. HP: 13/44 MP: 4/4
    65 | D        | Killed an ice beast
    66 | D        | Reached skill level 7 in Axes
    66 | D        | Reached XP level 5. HP: 6/51 MP: 5/5
    66 | D        | HP: 1/51 [phantom (2)]
   109 | D        | Killed a phantom
   110 | D        | Reached skill level 8 in Axes
   110 | D        | Reached XP level 6. HP: 5/60 MP: 6/6
   497 | D        | Found a roughly hewn altar of Beogh.
   497 | D        | Found a snail-covered altar of Cheibriados.
   497 | D        | Found a shadowy altar of Dithmenos.
   497 | D        | Found a white marble altar of Elyvilon.
   497 | D        | Found a blossoming altar of Fedhas.
   497 | D        | Found an opulent altar of Gozag.
   498 | D        | Found a hazy altar of Hepliaklqana.
   499 | D        | Found a viscous altar of Jiyva.
   500 | D        | Found an ancient bone altar of Kikubaaqudgha.
   501 | D        | Found a corrupted altar of Lugonu.
   502 | D        | Found a burning altar of Makhleb.
   503 | D        | Found a sparkling altar of Nemelex Xobeh.
   504 | D        | Found an iron altar of Okawaru.
   505 | D        | Found a stormy altar of Qazlal.
   506 | D        | Found a sacrificial altar of Ru.
   507 | D        | Became a worshipper of Jiyva Jezut the Shapeless
   508 | D        | Found a shimmering blue altar of Sif Muna.
   508 | D        | Killed a slime creature
   509 | D        | Found a bloodstained altar of Trog.
   510 | D        | Found a hide-covered altar of Uskayaw.
   511 | D        | Found a radiant altar of Vehumet.
   512 | D        | Found an ornate altar of the Wu Jian Council.
   512 | D        | Killed a tengu warrior
   513 | D        | Found a shimmering altar of Xom.
   513 | D        | Killed a great orb of eyes
   514 | D        | Found a basalt altar of Yredelemnul.
   514 | D        | Killed an eye of devastation
   515 | D        | Found a glowing silver altar of Zin.
   515 | D        | Killed a broodmother
   516 | D        | Found a glowing golden altar of the Shining One.
   516 | D        | Killed a deep elf high priest
   518 | D        | Killed a glowing orange brain
   518 | D        | Killed a great orb of eyes
   532 | D        | Got the +1 broad axe of Brutal Revenge {spect, +Blink rC+
                  | rCorr Dex+4}
   568 | D        | Noticed a troll
   568 | D        | Noticed a yak
   568 | D        | Noticed a two-headed ogre
   573 | D        | Killed a troll
   574 | D        | Reached skill level 10 in Axes
   574 | D        | Reached XP level 7. HP: 54/69 MP: 7/7
   582 | D        | Reached skill level 11 in Axes
   585 | D        | Killed a yak
   595 | D        | Killed a two-headed ogre
   596 | D        | Reached skill level 10 in Fighting
   596 | D        | Reached skill level 13 in Axes
   596 | D        | Reached XP level 8. HP: 22/81 MP: 8/8
   598 | D        | Reached skill level 10 in Armour
  1003 | D        | Noticed a cyclops
  1003 | D        | Noticed a centaur warrior
  1003 | D        | Noticed a wraith
  1003 | D        | Noticed a manticore
  1003 | D        | Noticed a yaktaur
  1003 | D        | Noticed an efreet
  1005 | D        | Killed a cyclops
  1006 | D        | Reached skill level 14 in Axes
  1013 | D        | Killed a centaur warrior
  1014 | D        | Reached skill level 15 in Axes
  1014 | D        | Reached skill level 1 in Stealth
  1014 | D        | Reached skill level 10 in Shields
  1014 | D        | Reached XP level 9. HP: 69/89 MP: 9/9
  1032 | D        | a yaktaur changed into a moth of wrath
  1032 | D        | Noticed a moth of wrath (shapeshifter)
  1037 | D        | Slain by a manticore

Illustrated notes

Levels and vault maps discovered:
D:        linesprint [early_d, line_temple, items_1, d_10, items_2, lair_1,
          lair_end, items_3, orc_1, orc_end, items_4, d_15, swamp_1, shoals_1,
          snake_1, spider_1, d_20, vaults_1, items_5, swamp_end, shoals_end,
          snake_end, spider_end, vaults_end, d_27, items_6, zot_1, zot_end,
          crypt_end, forest_end, elf_end, slime_end, tomb_end, abyss_end,
          pan_hell_end]

Skill      XL: |  1  2  3  4  5  6  7  8 |
---------------+-------------------------+-----
Fighting       | 5 6 7 8 10 11 | 11.6
Axes           | 4 5 7 8 10 13 15 | 15.1
Shields        | 5 6 7 8 9 10 | 10.4
Armour         | 4 5 6 8 9 11 | 11.2
Dodging        | 1 2 3 4 |  4.1
Stealth        | 1 |  1.6

Action                   |  1- 3 |  4- 6 |  7- 9 || total
-------------------------+-------+-------+-------++-------
Melee: War axe           |    43 |    26 |       ||    69
       Broad axe         |       |     3 |    35 ||    38
 Abil: Evoke Blink       |       |       |     1 ||     1
  Use: Potion            |     1 |     4 |     3 ||     8
       Scroll            |       |       |     2 ||     2
 Stab: Invisible         |       |       |     1 ||     1
Armor: Scale mail        |    17 |    14 |       ||    31
       Plate armour      |       |     4 |    21 ||    25
Dodge: Dodged            |    29 |    24 |     9 ||    62
Block: Buckler           |    11 |    19 |     7 ||    37

Table legend: (Time is in decaauts)
 A = Elapsed time spent in this place.
 B = Non-inter-level travel time spent in this place.
 C = Inter-level travel time spent in this place.
 D = Time resting spent in this place.
 E = Time spent auto-exploring this place.
 F = Levels seen in this place.
 G = Mean time per level.
                   A        B        C        D        E       F      G
               +--------+--------+--------+--------+--------+-----+--------+
         Total |   1046 |   1046 |      0 |    784 |     13 |   1 | 1046.0 |
       Dungeon |   1046 |   1046 |      0 |    784 |     13 |   1 | 1046.0 |
               +--------+--------+--------+--------+--------+-----+--------+

Top non-repeatable levels by time:
       D: 1046 daAuts
